 Dungeon Crawl Stone Soup version 0.28.0-45-g0d030f2227 (webtiles) character file.

Game seed: 13496795499902493507

2 101zpm the Magician (level 1, -1/15 HPs)
             Began as a Djinni Ice Elementalist on Apr 13, 2022.
             Slain by an orc
             ... wielding a +0 flail
              (5 damage)
             ... on level 1 of the Dungeon.
             The game lasted 00:00:13 (21 turns).

101zpm the Magician (Djinni Ice Elementalist)         Turns: 21, Time: 00:00:14

Health: -1/15      AC:  2    Str:  7    XL:     1   Next: 33%
Gold:   0          EV: 12    Int: 16    God:
                   SH:  0    Dex: 13

rFire   + + .      SeeInvis .   (no weapon)
rCold   x . .      Faith    .   (no shield)
rNeg    . . .      Spirit   .   a - +0 robe
rPois   ∞          Reflect  .   (no helmet)
rElec   .          Harm     .   (no cloak)
rCorr   .          Rampage  .   (no gloves)
Will    .....                   (boots unavailable)
Stlth   ++........              (no amulet)
HPRegen 0.05/turn               (no ring)
MPRegen 0.00/turn               (no ring)

@: flying, very slightly contaminated
A: sickness immunity, fire resistance 2, cold vulnerability 1, float, innate
caster, HP casting, extra vitality 1
a: no special abilities


You were on level 1 of the Dungeon.
You visited 1 branch of the dungeon, and saw 2 of its levels.

Inventory:

Armour
 a - a +0 robe (worn)


   Skills:
 + Level 2.1 Dodging
 + Level 1.5 Stealth
 + Level 3.3 Spellcasting


You couldn't memorise any spells.
You knew the following spells:

 Your Spells              Type           Power      Damage    Failure   Level
a - Freeze                Ice            52%        1d7       4%          1
b - Frozen Ramparts       Ice            26%        1d4       14%         3
c - Ozocubu's Armour      Ice            13%        N/A       14%         3
d - Hailstorm             Conj/Ice       13%        3d5       41%         4
Your spell library was empty.

Dungeon Overview and Level Annotations

Branches:
Dungeon (2/15)

Altars:


Innate Abilities, Weirdness & Mutations

You are immune to sickness and miasma.
You are immune to poison.
Your flesh is very heat resistant. (rF++)
You are vulnerable to cold. (rC-)
You float through the air rather than walking.
You learn spells naturally, not from books.
Your magical power is your life essence.
You have superior vitality. (+4 MHP)


Message History

You begin with the following spells memorised: Freeze, Frozen Ramparts, Ozocubu's Armour, Hailstorm.
Found 8 gold pieces.
Found an escape hatch in the floor.
You reach down and open the door.
Found a stone staircase leading down.
There is an open door here.
There is a stone staircase leading down here.
You fly downwards.
The orc shouts! x2; You hear a shout!
The orc wizard shouts!
Found 14 gold pieces.
There is a stone staircase leading up here.
The orc barely misses you. The orc closely misses you.
You fly upwards.
There is a stone staircase leading down here.
Aiming: Freeze (safe; 4% risk of failure)
Press: ? - help, Q - select action Shift-Dir - straight line, f - orc
Aim: an orc, wielding a +0 whip You freeze the orc.
The orc is lightly wounded.
The orc hits you with a +0 whip. The orc barely misses you.
Aiming: Freeze (safe; 4% risk of failure)
Press: ? - help, Q - select action Shift-Dir - straight line, f/p - orc
Aim: an orc, wielding a +0 whip (lightly wounded)
You freeze the orc!
You kill the orc!
The orc hits you with a +0 flail.
Aiming: Freeze (safe; 4% risk of failure)
Press: ? - help, Q - select action Shift-Dir - straight line, f - orc
Aim: an orc, wielding a +0 flail and wearing a +0 leather armour You miscast Freeze.
You are very lightly contaminated with residual magic.
Nothing appears to happen.
The orc barely misses you.
Aiming: Freeze (safe; 4% risk of failure)
Press: ? - help, Q - select action Shift-Dir - straight line, f/p - orc
Aim: an orc, wielding a +0 flail and wearing a +0 leather armour You freeze the orc.
The orc is heavily wounded.
* * * LOW HITPOINT WARNING * * *
The orc hits you with a +0 flail.
You die...

#### ##♣≈≈≈## #
#$.♣≈≈≈ ..
###..♣♣♣### #####.###
#<......'.###.o......
###..♣♣♣#...)@.......
#>.♣≈≈≈##.######.#.#
##♣≈≈≈###.# #### #.#
#.# #.# #.. ###


You could see an orc.

Vanquished Creatures
  An orc (D:1)
1 creature vanquished.

Notes
Turn   | Place    | Note
-------+----------+-------------------------------------------
     0 | D:1      | 101zpm the Djinni Ice Elementalist began the quest for the
                  | Orb.
     0 | D:1      | Reached XP level 1. HP: 15/15 MP: 0/0
    15 | D:2      | Noticed an orc wizard
    21 | D:1      | Slain by an orc

Illustrated notes

Levels and vault maps discovered:
D:1:      saegor_arrival_simple_d, layout_basic, serial_shops, shop,
          minmay_splitting_lines, minmay_hexomino_p4
D:2:      layout_loops_ring, chequers_ecumenical_altar_simple_redux, basic_altar

Action                   || total
-------------------------++-------
 Cast: Freeze            ||     3
Dodge: Dodged            ||     4
